 Dungeon Crawl Stone Soup version 0.26.1-10-gdfb7c7de75 (webtiles) character file.

Game seed: 12371314434871908834

2501 AuftragZ the Thaumaturge (level 9, -10/62 HPs)
             Began as a Purple Draconian Conjurer on Apr 11, 2021.
             Was a Believer of Sif Muna.
             Killed by an exploding fulminant prism (25 damage)
             ... on level 8 of the Dungeon.
             The game lasted 00:46:56 (10833 turns).

AuftragZ the Thaumaturge (DrCj)                    Turns: 10833, Time: 00:47:00

Health: -10/62     AC:  3    Str: 10    XL:     9   Next: 28%
Magic:  15/22      EV: 13    Int: 21    God:    Sif Muna [**....]
Gold:   333        SH:  0    Dex: 10    Spells: 15/26 levels left

rFire    + . .     SeeInvis +   B - +3 mace of Tender Mercy {vorpal, *Corrode rElec rC+}
rCold    + . .     Faith    +   (no shield)
rNeg     . . .     Spirit   .   (armour unavailable)
rPois    .         Reflect  .   (helmet restricted)
rElec    +         Harm     .   (no cloak)
rCorr    .         Rampage  .   (no gloves)
Will     +....                  (no boots)
Stlth    ++........             v - amulet of faith
HPRegen  0.20/turn              k - ring of see invisible
MPRegen  0.18/turn              y - ring of protection from fire

@: corroded
A: breathe power, unfitting armour, cold-blooded, AC +7
a: Breathe Dispelling Energy, Renounce Religion, Channel Magic


You were on level 8 of the Dungeon.
You worshipped Sif Muna.
Sif Muna was pleased with you.
You visited 1 branch of the dungeon, and saw 8 of its levels.

You collected 333 gold pieces.

Inventory:

Hand Weapons
 B - the +3 mace of Tender Mercy (weapon) {vorpal, *Corrode rElec rC+}
   (You found it on level 6 of the Dungeon)

   It inflicts extra damage upon your enemies.
   It protects you from cold.
   It insulates you from electricity.
   It may corrode you when you take damage.
Missiles
 q - 12 poisoned darts (quivered)
Jewellery
 k - a ring of see invisible (left hand)
 v - an amulet of faith (around neck)
 w - an uncursed ring of ice
 y - a ring of protection from fire (right hand)
Wands
 r - a wand of random effects (14)
 x - a wand of iceblast (7)
Scrolls
 d - a scroll of fog {unknown}
 e - 3 scrolls of immolation
 g - 2 scrolls of enchant weapon
 h - 6 scrolls of remove curse
 o - 2 scrolls of enchant armour
 t - a scroll of fear {unknown}
 z - a scroll of magic mapping {unknown}
 A - a scroll of identify
Potions
 a - a potion of might
 b - 5 potions of curing
 c - a potion of cancellation {unknown}
 f - 3 potions of heal wounds
 i - a potion of haste
 j - a potion of brilliance
 l - a potion of mutation
 m - 2 potions of lignification
 n - a potion of invisibility
 p - a potion of flight {unknown}
 s - a potion of attraction
 u - a potion of berserk rage


   Skills:
 - Level 0.1 Fighting
 + Level 3.5 Dodging
 - Level 2.9 Stealth
 + Level 0.1 Unarmed Combat
 + Level 9.4 Spellcasting
 + Level 9.3 Conjurations
 + Level 0.2 Hexes
 + Level 0.5 Invocations


You had 15 spell levels left.
You knew the following spells:

 Your Spells              Type           Power        Failure   Level
a - Magic Dart            Conj           100%         1%          1
b - Searing Ray           Conj           98%          1%          2
c - Iskenderun's Mystic   Conj/Tloc      29%          10%         4
d - Fulminant Prism       Conj/Hex       15%          10%         4

Your spell library contained the following spells:

 Spells                   Type           Power        Failure   Level
 Dazzling Flash           Conj/Hex       60%          2%          3


Dungeon Overview and Level Annotations

Branches:
Dungeon (8/15)             Temple (0/1) D:7
   Lair: D:8-11

Altars:
Ashenzari
Dithmenos
Elyvilon
Fedhas
Hepliaklqana
Okawaru
Qazlal
Sif Muna
Uskayaw
Zin
The Shining One


Innate Abilities, Weirdness & Mutations

You can breathe bolts of dispelling energy.
Your rich purple scales are hard. (AC +7)
You cannot fit into any form of body armour.
You are cold-blooded and may be slowed by cold attacks.


Message History

The orc wizard closely misses you. The phantom hits you.
The phantom blinks!
The ice beast hits you. The ice beast freezes you. You resist.
The orc wizard misses you. The orc closely misses you.
The white imp gestures at you. The puff of frost hits you. You resist.
* * * LOW HITPOINT WARNING * * *
Your fulminant prism crackles loudly.
The ice beast barely misses you. The orc wizard barely misses you.
The phantom hits your fulminant prism! The orc misses you.
Your fulminant prism explodes!
The blast of energy engulfs the orc wizard!!
You kill the orc wizard!
Sif Muna accepts your kill.
The blast of energy engulfs the phantom!
The phantom is moderately damaged.
The blast of energy engulfs the ice beast!
You kill the ice beast!
Sif Muna accepts your kill. The blast of energy engulfs you!!
You die...

.#. #.# #.#
#.# ####5##
.....# #.o.#
#@).# ##[†#
######WW.####
#......÷Z...#
#.###..[.##.#
..........# #
o.###(.#.(..#
#.......#
#.S.......


You could see a phantom, a white imp, an orc and a leopard gecko skeleton.

Vanquished Creatures
  Eustachio (D:5)
  Duvessa (D:7)
  An ice beast (D:8)
  4 sky beasts
  An orc warrior (D:7)
  A centaur (D:6)
  A phantom (D:6)
  3 ogres
  4 bullfrogs
  2 wyvern zombies (D:6)
  Dowan (D:7)
  A scorpion (D:5)
  A wight (D:4)
  The ghost of Efficiency the Chiller, a weakling BaIE (D:4)
  2 bullfrog zombies (D:7)
  A centaur zombie (D:7)
  4 hounds
  2 orc priests (D:4)
  2 iguanas
  Jessica (D:2)
  2 orc wizards
  5 worker ants
  A hound skeleton (D:4)
  A howler monkey zombie (D:5)
  14 adders
  3 white imps
  3 ufetubi
  An adder zombie (D:7)
  An adder skeleton (D:4)
  4 worms
  8 dart slugs
  3 leopard geckos
  20 orcs
  2 ball pythons
  3 giant cockroaches
  7 goblins
  8 hobgoblins
  2 jackals
  4 quokkas
  10 bats
  2 frilled lizards
  8 kobolds
  A leopard gecko skeleton (D:2)
  2 quokka skeletons
  10 rats
160 creatures vanquished.

Vanquished Creatures (others)
  7 fulminant prisms
7 creatures vanquished.

Grand Total: 167 creatures vanquished

Notes
Turn   | Place    | Note
-------+----------+-------------------------------------------
     0 | D:1      | AuftragZ the Draconian Conjurer began the quest for the
                  | Orb.
     0 | D:1      | Reached XP level 1. HP: 14/14 MP: 3/3
   453 | D:1      | Reached XP level 2. HP: 20/20 MP: 3/5
  1080 | D:1      | Learned a level 2 spell: Searing Ray
  1352 | D:2      | Reached XP level 3. HP: 26/26 MP: 0/6
  1436 | D:2      | Found a stormy altar of Qazlal.
  1501 | D:2      | Found a broken altar of Ashenzari.
  1783 | D:2      | Found an iron altar of Okawaru.
  1941 | D:2      | Found a blossoming altar of Fedhas.
  1944 | D:2      | Reached XP level 4. HP: 33/33 MP: 4/8
  1984 | D:2      | Reached skill level 5 in Conjurations
  2042 | D:2      | Noticed Jessica
  2044 | D:2      | Killed Jessica
  2671 | D:3      | Reached XP level 5. HP: 38/38 MP: 2/9
  2978 | D:3      | Found a shimmering blue altar of Sif Muna.
  2990 | D:3      | Became a worshipper of Sif Muna the Loreminder
  3289 | D:3      | Found a hide-covered altar of Uskayaw.
  3291 | D:3      | Noticed a +0 dagger
  3291 | D:3      | Noticed a +0 dagger
  3655 | D:3      | Reached * piety under Sif Muna
  4094 | D:4      | Found a hazy altar of Hepliaklqana.
  4102 | D:4      | Found a shadowy altar of Dithmenos.
  4102 | D:4      | Noticed a shadow
  4316 | D:4      | Noticed Efficiency's ghost (weakling BaIE)
  4318 | D:4      | Found a transporter.
  4596 | D:4      | Found a transporter.
  4617 | D:4      | Reached XP level 6. HP: 44/45 MP: 6/11
  4620 | D:4      | Killed Efficiency's ghost
  5192 | D:4      | Learned a level 4 spell: Iskenderun's Mystic Blast
  5438 | D:4      | Found a glowing silver altar of Zin.
  5438 | D:4      | Found a glowing golden altar of the Shining One.
  5438 | D:4      | Found a white marble altar of Elyvilon.
  5617 | D:5      | Entered Level 5 of the Dungeon
  5718 | D:5      | Your scales start taking on a rich purple colour.
  5718 | D:5      | Reached XP level 7. HP: 50/50 MP: 7/14
  5860 | D:5      | Reached skill level 5 in Spellcasting
  6251 | D:5      | Reached ** piety under Sif Muna
  6406 | D:5      | Noticed Eustachio
  6416 | D:5      | Killed Eustachio
  7621 | D:6      | Reached XP level 8. HP: 57/57 MP: 10/17
  8747 | D:6      | Got an iridescent mace
  8748 | D:6      | Identified the +3 mace of Tender Mercy {vorpal, *Corrode
                  | rElec rC+} (You found it on level 6 of the Dungeon)
  9563 | D:7      | Noticed Duvessa
  9565 | D:7      | Noticed Dowan
  9577 | D:7      | Killed Duvessa
  9578 | D:7      | Reached XP level 9. HP: 38/62 MP: 11/21
  9580 | D:7      | Killed Dowan
  9823 | D:7      | Found a staircase to the Ecumenical Temple.
  9876 | D:7      | Learned a level 4 spell: Fulminant Prism
 10833 | D:8      | Killed by an exploding fulminant prism

Illustrated notes

Levels and vault maps discovered:
D:1:      onia_arrival_mini_maze_b, layout_loops_ring, minmay_misc_feat_cross,
          minmay_3d_cube
D:2:      layout_loops_ring, nicolae_overflow_hidden_temple,
          nicolae_overflow_crystal_walls, kennysheep_okawaru_gauntlet,
          fedhas_altar_2, chequers_serial_rivers_small_a, uniq_jessica
D:3:      minmay_skewed_foursquare, layout_loops_cross,
          lemuel_coloured_pillars_altar, dancing_weapons_uskayaw,
          minmay_fractal_squares_5
D:4:      layout_loops_corners, riverfiend_overflow_shadow_ancestor,
          good_gods_mini_temple, gammafunk_ghost_arena, minmay_distorted
D:5:      layout_layer_cave, uniq_eustachio
D:6:      layout_layer_cave
D:7:      layout_loops_cross, minmay_temple_entry_drinking_statues, uniq_duvessa
D:8:      layout_loops_ring, gammafunk_ghost_gnarly_gnolls

Skill      XL: |  1  2  3  4  5  6  7  8  9 |
---------------+----------------------------+-----
Dodging        | 2 3 |  3.5
Conjurations   | 5 6 7 9 |  9.3
Spellcasting   | 3 4 6 8 9 |  9.4
Stealth        | 2 |  2.9
Fighting       | |  0.1
Unarmed Combat | |  0.1
Hexes          | |  0.2
Invocations    | |  0.5

Action                   |  1- 3 |  4- 6 |  7- 9 || total
-------------------------+-------+-------+-------++-------
Melee: Unarmed           |    12 |       |       ||    12
       Tailslap          |     1 |       |       ||     1
       Club              |     4 |     1 |     6 ||    11
Throw: Dart              |       |     1 |     5 ||     6
 Cast: Magic Dart        |    49 |    77 |    63 ||   189
       Searing Ray       |     7 |    40 |    55 ||   102
       Fulminant Prism   |       |       |     8 ||     8
       Iskenderun's Myst |       |       |     1 ||     1
Invok: Channel Magic     |       |       |     2 ||     2
  Use: Scroll            |       |    12 |     3 ||    15
       Potion            |       |     4 |     4 ||     8
Armor: Skin              |     2 |     3 |    20 ||    25
Dodge: Dodged            |     9 |    13 |    50 ||    72
